 Dungeon Crawl Stone Soup version 0.17-a0-1636-g3119f2b (webtiles) character file.

66 karlkraus the Shield-Bearer (level 3, -1/33 HPs)
             Began as a Minotaur Fighter on Aug 5, 2015.
             Was an Initiate of Cheibriados.
             Succumbed to a scorpion's poison
             ... on level 3 of the Dungeon.
             The game lasted 00:03:20 (1806 turns).

karlkraus the Shield-Bearer (Minotaur Fighter)      Turns: 1806, Time: 00:03:20

Health: -1/33      AC:  8    Str: 22    XL:     3   Next: 96%
Magic:  2/2        EV:  8    Int:  6    God:    Cheibriados [......]
Gold:   174        SH:  9    Dex: 10    Spells: 0 memorised, 2 levels left

rFire  . . .     SeeInvis .     a - +0 flail
rCold  . . .     Clarity  .     b - +0 scale mail
rNeg   . . .     SustAt   .     c - +0 shield
rPois  .         Gourm    .     (helmet restricted)
rElec  .         Spirit   .     (no cloak)
rCorr  .         Warding  .     (no gloves)
rMut   .         Stasis   .     n - +0 pair of boots
MR     .....                    (no amulet)
Stlth  ..........               (no ring)
                                (no ring)

@: lethally poisoned (-1 -> -18), very slow, not resistant to hostile
enchantments, extremely unstealthy
A: retaliatory headbutt, horns 2
a: Bend Time, Renounce Religion


You were on level 3 of the Dungeon.
You worshipped Cheibriados.
Cheibriados was noncommittal.
You were not hungry.

You visited 1 branch of the dungeon, and saw 3 of its levels.

You collected 174 gold pieces.

Inventory:

Hand weapons
 a - a +0 flail (weapon)
Armour
 b - a +0 scale mail (worn)
 c - a +0 shield (worn)
 n - a +0 pair of boots (worn)
Scrolls
 h - a scroll of fear {unknown}
 i - a scroll of identify {unknown}
 o - a scroll of noise {unknown}
 p - a scroll of fog {unknown}
 q - a scroll of recharging {unknown}
 s - a scroll of immolation {unknown}
Potions
 d - a potion of might
 f - a potion of degeneration {unknown}
 j - 3 potions of curing {unknown}
 l - 2 potions of heal wounds {unknown}
 m - a potion of agility {unknown}
Comestibles
 e - 2 bread rations
 g - 2 meat rations
 k - 4 fruits


   Skills:
 + Level 4.1 Fighting
 + Level 2.8 Maces & Flails
 + Level 4.2 Armour
 + Level 1.2 Dodging
 + Level 0.1 Stealth
 + Level 4.5 Shields


You had 2 spell levels left.
You didn't know any spells.

Dungeon Overview and Level Annotations

Branches:
Dungeon (3/15)

Altars:
Cheibriados


Innate Abilities, Weirdness & Mutations

You reflexively headbutt those who attack you in melee.
You have a pair of horns on your head.


Message History

You block the scorpion's attack.
You barely miss the scorpion. Your headbutt misses the scorpion.
The scorpion is almost dead.
* * * LOW HITPOINT WARNING * * *
You feel sick. You block the scorpion's attack.
All of the chunks of flesh in your inventory have rotted away.
You barely miss the scorpion.
The scorpion is almost dead.
* * * LOW HITPOINT WARNING * * *
You feel sick. You block the scorpion's attack.
Your shield and scale mail prevent you from hitting the scorpion.
Your headbutt misses the scorpion.
The scorpion is almost dead.
* * * LOW HITPOINT WARNING * * *
You feel sick. The scorpion closely misses you. You furiously retaliate!
You headbutt the scorpion, but do no damage.
The scorpion stings you but does no damage.
Your shield and scale mail prevent you from hitting the scorpion.
The scorpion is almost dead.
You die...

#...##...............
###.......###...###.#
#.......#.........#
######.##.#.#######
#.#....# #......# #
###...########
#...###### #...##......
......s@.####...##.####.
.#....##.............##.
#....................#.
#....###..............#.
#.. #.####.._.#.##.## #.
...# #....#...... .
########...#####.##
##......#####.#
######.###.........#


You could see a scorpion.

Vanquished Creatures
  An adder (D:2)
  A worm (D:2)
  An orc (D:3)
  3 giant cockroaches
  2 goblins (D:3)
  7 hobgoblins
  8 jackals
  3 quokkas
  10 bats
  A giant gecko (D:1)
  2 giant newts
  5 kobolds
  6 rats
50 creatures vanquished.

Notes
Turn   | Place    | Note
--------------------------------------------------------------
     0 | D:1      | karlkraus the Minotaur Fighter began the quest for the Orb.
     0 | D:1      | Reached XP level 1. HP: 19/19 MP: 0/0
   207 | D:1      | Reached XP level 2. HP: 16/27 MP: 1/1
   328 | D:1      | Reached skill level 4 in Shields
   951 | D:2      | Reached XP level 3. HP: 20/33 MP: 2/2
  1022 | D:2      | Reached skill level 1 in Dodging
  1559 | D:3      | Found a snail-covered altar of Cheibriados.
  1617 | D:3      | Became a worshipper of Cheibriados the Contemplative
  1794 | D:3      | Noticed a scorpion
  1805 | D:3      | HP: 1/33 [poisoned by a scorpion]
  1806 | D:3      | Succumbed to a scorpion's poison

Vault maps used:
D:1:      scummos_arrival_forest
D:2:      first_bread
D:3:      portal_sewer_entry_d, cheibriados_altar_1

Action                   || total
-------------------------++-------
Melee: Flail             ||   129
  Eat: Chunk             ||     3
